 Dungeon Crawl Stone Soup version 0.18-a0-1088-g34ef3a2 (webtiles) character file.

23 ater218 the Changer (level 3, 0/26 HPs)
             Began as a Merfolk Transmuter on Jan 15, 2016.
             Slain by a worm (7 damage)
             ... on level 2 of the Dungeon.
             The game lasted 00:04:57 (1478 turns).

ater218 the Changer (Merfolk Transmuter)            Turns: 1478, Time: 00:04:58

Health: 0/26       AC:  2    Str: 10    XL:     3   Next: 0%
Magic:  5/6        EV: 13    Int: 13    God:
Gold:   34         SH:  0    Dex: 14    Spells: 1 memorised, 6 levels left

rFire  . . .     SeeInvis .       - Unarmed
rCold  . . .     Gourm    .     b - +0 robe
rNeg   . . .     Faith    .     (no shield)
rPois  .         Spirit   .     (no helmet)
rElec  .         Dismiss  .     (no cloak)
rCorr  .         Reflect  .     (no gloves)
SustAt .         Harm     .     (no boots)
MR     .....                    (no amulet)
Stlth  +.........               (no ring)
                                (no ring)

@: appendage (expiring), not resistant to hostile enchantments, very unstealthy
A: change form in water, swift swim, horns 2
a: End Transformation


You were on level 2 of the Dungeon.
You were not hungry.
You had grown temporary horns.
You visited 1 branch of the dungeon, and saw 2 of its levels.

You collected 34 gold pieces.

Inventory:

Missiles
 a - 12 arrows
Armour
 b - a +0 robe (worn)
Scrolls
 e - 3 scrolls of identify {unknown}
 f - a scroll of enchant weapon {unknown}
 g - a scroll of noise {unknown}
 k - a scroll of enchant armour {unknown}
 l - a scroll of random uselessness {unknown}
 n - a scroll of magic mapping {unknown}
 o - a scroll of teleportation {unknown}
 r - a scroll of amnesia {unknown}
 s - a scroll of remove curse {unknown}
Potions
 i - a potion of might {unknown}
 j - a potion of heal wounds {unknown}
 m - a potion of agility {unknown}
Books
 c - a book of Changes

   Spells                             Type                      Level
   a - Beastly Appendage              Transmutation                1
   b - Sticks to Snakes               Transmutation                2
   c - Spider Form                    Transmutation/Poison         3
   d - Ice Form                       Ice/Transmutation            4
   e - Blade Hands                    Transmutation                5
Comestibles
 d - a bread ration
 h - 3 fruits
 p - 3 chunks of flesh
 q - a slice of pizza


   Skills:
 - Level 1.1 Fighting
 + Level 3.0 Dodging
 - Level 3.2 Unarmed Combat
 * Level 2.6 Spellcasting
 * Level 3.4 Transmutations


You had 6 spell levels left.
You knew the following spells:

 Your Spells              Type           Power        Failure   Level  Hunger
a - Beastly Appendage     Trmt           ##....       8%          1    #......


Dungeon Overview and Level Annotations

Branches:
Dungeon (2/15)

Altars:


Innate Abilities, Weirdness & Mutations

You revert to your normal form in water.
You are very nimble and swift while swimming.
You have a pair of horns on your head.


Message History

The worm is almost dead.
The worm barely misses you.
You hit the worm but do no damage. You headbutt the worm.
You kill the worm!
You have reached level 3!
Your experience leads to an increase in your attributes!
Increase (S)trength, (I)ntelligence, or (D)exterity?
You feel clever.
You barely miss the worm. The worm barely misses you.
You hit the worm but do no damage. You hit the worm.
You headbutt the worm, but do no damage.
The worm is lightly wounded.
Your transformation is almost over.
The worm bites you!
* * * LOW HITPOINT WARNING * * *
You hit the worm.
The worm is moderately wounded.
The worm bites you!
You die...

### #..
#.####+####
#..........
#..........
#####..@w......
#....>.†.......
#######.##.......
.................
########.#........
....####.#..!.....
#......<.# ....$..
#.#.####.# .......
#.# ....


You could see a worm.

Vanquished Creatures
  A worm (D:2)
  A ball python (D:1)
  2 giant cockroaches (D:1)
  5 goblins (D:1)
  2 hobgoblins (D:1)
  A quokka (D:2)
  A bat (D:1)
  A giant newt (D:1)
  2 kobolds (D:1)
  4 rats
20 creatures vanquished.

Notes
Turn   | Place    | Note
--------------------------------------------------------------
     0 | D:1      | ater218 the Merfolk Transmuter began the quest for the Orb.
     0 | D:1      | Reached XP level 1. HP: 15/15 MP: 3/3
   214 | D:1      | Reached XP level 2. HP: 21/21 MP: 3/5
  1473 | D:2      | Reached XP level 3. HP: 14/26 MP: 4/6
  1478 | D:2      | Slain by a worm

Vault maps used:
D:1:      scummos_arrival_simple_crosswalls, st_stairs_3
D:2:      grunt_temple_overflow_open, first_bread, kennysheep_generic_room_3,
          uniq_jessica

Action                   || total
-------------------------++-------
Melee: Unarmed           ||    65
 Cast: Beastly Appendage ||    15
  Eat: Chunk             ||     2
